 Dungeon Crawl Stone Soup version 0.29.1-1-gd02db69 (webtiles) character file.

Game seed: 10940536489292862027

4182 Timinator the Insei (level 9, -8/74 HPs)
             Began as a Demigod Transmuter on Dec 19, 2022.
             Mangled by a hornet (10 damage)
             ... on level 8 of the Dungeon.
             The game lasted 00:28:49 (8513 turns).

Timinator the Insei (Demigod Transmuter)            Turns: 8513, Time: 00:28:49

Health: -8/74      AC:  9    Str: 14 (15) XL:     9   Next: 81%
Magic:  19/19      EV: 13    Int: 14 (15) God:
Gold:   275        SH:  0    Dex: 19 (22) Spells: 14/17 levels left

rFire   . . .      SeeInvis .     - Unarmed
rCold   . . .      Faith    .   (no shield)
rNeg    . . .      Spirit   .   d - +1 ring mail
rPois   +          Reflect  .   (helmet currently unavailable)
rElec   .          Harm     .   (no cloak)
rCorr   .          Rampage  .   c - +2 pair of gloves
Will    .....                   (boots currently unavailable)
Stlth   +.........              (no amulet)
HPRegen 0.22/turn               p - ring of poison resistance
MPRegen 0.16/turn               (no ring)

@: appendages, hasted and slowed
A: horns 2, talons 2, high MP 1, forlorn, divine attributes
a: End Transformation


You were on level 8 of the Dungeon.
You had temporarily grown beastly horns and talons.
You visited 1 branch of the dungeon, and saw 8 of its levels.
You also visited: Sewer.

You collected 359 gold pieces.
You spent 84 gold pieces at shops.

Inventory:

Missiles
 a - 9 poisoned darts (quivered)
Armour
 c - a +2 pair of gloves (worn)
 d - a +1 ring mail (worn)
Jewellery
 p - a ring of poison resistance (left hand)
Wands
 b - a wand of roots (2)
 f - a wand of polymorph (4)
 n - a wand of mindburst (10)
 v - a wand of paralysis (8)
Scrolls
 h - a scroll of enchant armour
 i - 2 scrolls of identify
 j - a scroll of amnesia
 o - 3 scrolls of teleportation
 q - 3 scrolls of butterflies {unknown}
 s - a scroll of immolation {unknown}
 t - a scroll of torment {unknown}
Potions
 e - 2 potions of curing
 g - 4 potions of heal wounds
 k - 4 potions of mutation
 l - a potion of degeneration
 m - 2 potions of cancellation
 r - a potion of haste
 u - a potion of attraction {unknown}
 x - 2 potions of magic


   Skills:
 * Level 5.2 Fighting
 - Level 2.0 Armour
 * Level 5.7 Dodging
 + Level 7.6 Unarmed Combat
 + Level 4.6 Spellcasting
 * Level 6.8 Transmutations


You had 14 spell levels left.
You knew the following spells:

 Your Spells              Type           Power      Damage    Failure   Level
a - Beastly Appendage     Tmut           44%        N/A       2%          1
b - Wereblood             Tmut           22%        N/A       3%          2

Your spell library contained the following spells:

 Spells                   Type           Power      Damage    Failure   Level
 Spider Form              Tmut/Pois      12%        N/A       26%         3
 Summon Small Mammal      Summ           12%        N/A       36%         1
 Blink                    Tloc           6%         N/A       50%         2
 Ice Form                 Ice/Tmut       12%        N/A       65%         4
 Call Canine Familiar     Summ           3%         N/A       73%         3
 Lesser Beckoning         Tloc           3%         N/A       73%         3
 Summon Guardian Golem    Hex/Summ       3%         N/A       73%         3
 Manifold Assault         Tloc           3%         N/A       100%        5


Dungeon Overview and Level Annotations

Branches:
Dungeon (9/15)              Sewer (visited)
 Temple: D:4-7         Lair: D:8-11         Orc: D:9-12

Shops:
D:2 ***:   D:3 :


Innate Abilities, Weirdness & Mutations

You have temporarily grown beastly horns and talons.
You have an increased reservoir of magic. (+10% MP)
You shall have no god before yourself.
Your divine heritage dramatically boosts your attributes as you level up.


Message History

You barely miss the hornet. You claw the hornet.
The hornet is lightly wounded.
The hornet stings you.
You are poisoned.
You hit the hornet but do no damage.
You headbutt the hornet, but do no damage.
The hornet is lightly wounded.
You feel very sick. The hornet stings you!
You closely miss the hornet. You claw the hornet, but do no damage.
You headbutt the hornet, but do no damage.
The hornet is lightly wounded.
You feel sick.
The hornet stings you but does no damage.
You hit the hornet but do no damage.
The hornet is lightly wounded.
You feel sick.
The hornet stings you but does no damage.
The hornet stings you!
You hit the hornet but do no damage. Your kick misses the hornet.
You punch the hornet!
The hornet is moderately wounded.
You feel sick. The hornet stings you.
You are more poisoned.
You feel better. The hornet barely misses you. The hornet stings you.
It was a potion of degeneration.
There was something very wrong with that liquid.
You feel weakened.
You feel dopey.
You feel clumsy. The hornet stings you!
* * * LOW HITPOINT WARNING * * *
You feel yourself slow down.
You feel yourself speed up. The hornet stings you!
* * * LOW HITPOINT WARNING * * *
You feel as though you will be slow longer.
The hornet stings you but does no damage.
The hornet attacks as you move away! The hornet stings you!
* * * LOW HITPOINT WARNING * * *
You feel as though you will be slow longer.
The hornet stings you!
You die...

.[..# ###
####.## ....#
#......
....###
#.###.#
.)....# #.#
#.# #####.#
#.# #.# #.#
#.# #.#
#.############
#.###.#
#.##.........#
######.#....
#.##.#######@#
............#
#.##.# #y#
#######.#...#
#.##.# #.#
#.#...#
#####.##.# #.#
#.#...#
.........# #.#
#.#..))
#.######## #.#
#.#...# #.#
#.# #.#..##
#.# #.. ..#.##
#.# ### #..##


You could see a hornet.

Vanquished Creatures
  Maggie (D:9)
  A troll (D:9)
  Prince Ribbit (D:9)
  Sigmund (D:3)
  A shadow (D:9)
  10 yaks
  An orc warrior (D:8)
  A black bear (D:4)
  An ogre (D:6)
  2 phantoms
  4 kobold brigands
  A bullfrog (D:8)
  A gnoll sergeant (D:8)
  A scorpion (D:5)
  A killer bee (D:9)
  3 howler monkeys (D:8)
  2 electric eels (D:8)
  2 hounds
  A jelly (D:8)
  2 iguanas
  4 orc wizards (D:8)
  8 gnolls
  8 adders
  11 river rats (Sewer)
  2 shadow imps (D:6)
  A worm (D:2)
  3 dart slugs
  16 orcs
  6 bats
  5 endoplasms
  7 giant cockroaches
  9 goblins
  7 hobgoblins
  2 jackals (D:1)
  12 quokkas
  8 ball pythons
  2 frilled lizards
  33 kobolds
  22 rats
204 creatures vanquished.

Vanquished Creatures (others)
  8 plants (D:8)
8 creatures vanquished.

Grand Total: 212 creatures vanquished

Notes
Turn   | Place    | Note
-------+----------+-------------------------------------------
     0 | D:1      | Timinator the Demigod Transmuter began the quest for the
                  | Orb.
     0 | D:1      | Reached XP level 1. HP: 15/15 MP: 5/5
   118 | D:1      | Reached skill level 1 in Fighting
   328 | D:1      | Reached XP level 2. HP: 20/23 MP: 5/7
   544 | D:1      | Reached skill level 3 in Unarmed Combat
   928 | D:1      | Reached XP level 3. HP: 27/28 MP: 6/8
  1124 | D:2      | Learned a level 2 spell: Wereblood
  1232 | D:2      | Found Miph's Assorted Antiques.
  1240 | D:2      | Bought a scroll labelled SOORPH SUATT for 29 gold pieces
  1240 | D:2      | Bought a scroll labelled HECECH RUOBIS for 29 gold pieces
  1240 | D:2      | Bought a glowing purple potion for 26 gold pieces
  1378 | D:2      | Found Baesystri's Book Shop.
  1817 | D:2      | Found Jiykhoma's General Store.
  1823 | D:2      | Found Dentuuve's Assorted Antiques.
  2472 | D:3      | Reached skill level 1 in Armour
  2490 | D:3      | Reached XP level 4. HP: 35/35 MP: 7/9
  2494 | D:3      | Noticed Sigmund
  2509 | D:3      | Killed Sigmund
  2510 | D:3      | Reached XP level 5. HP: 41/41 MP: 9/11
  2844 | D:3      | Found Qouley's Vocational Training.
  3477 | D:4      | Reached XP level 6. HP: 48/48 MP: 12/12
  3506 | D:4      | Reached skill level 4 in Unarmed Combat
  4144 | D:5      | Entered Level 5 of the Dungeon
  4192 | D:5      | Noticed a yak
  4207 | D:5      | Killed a yak
  4208 | D:5      | Reached XP level 7. HP: 46/56 MP: 11/14
  4208 | D:5      | Noticed a yak
  4215 | D:5      | Noticed a yak
  4217 | D:5      | Noticed a yak
  4219 | D:5      | Killed a yak
  4219 | D:5      | Noticed a yak
  4224 | D:5      | Killed a yak
  4228 | D:5      | HP: 4/85 [yak (6)]
  4229 | D:5      | Killed a yak
  4230 | D:5      | Reached skill level 5 in Unarmed Combat
  4235 | D:5      | Killed a yak
  4236 | D:5      | Reached XP level 8. HP: 33/63 MP: 13/16
  4596 | D:5      | Found a glowing drain.
  4629 | Sewer    | Entered a sewer
  4845 | Sewer    | Reached skill level 5 in Transmutations
  6282 | D:6      | Reached skill level 6 in Unarmed Combat
  6561 | D:6      | You fall into a shaft and drop 3 floors!
  6584 | D:9      | Noticed a troll
  6593 | D:9      | Killed a troll
  6861 | D:9      | Noticed Maggie
  6874 | D:9      | Killed Maggie
  6875 | D:9      | Reached XP level 9. HP: 72/72 MP: 18/18
  6984 | D:9      | Noticed Prince Ribbit
  7007 | D:9      | Killed Prince Ribbit
  7008 | D:9      | Reached skill level 5 in Dodging
  7194 | D:9      | Noticed a cyclops
  7194 | D:9      | Noticed a wizard
  7254 | D:9      | Reached skill level 7 in Unarmed Combat
  7281 | D:9      | Reached skill level 5 in Fighting
  8513 | D:8      | HP: 2/74 [hornet (9)]
  8513 | D:8      | Mangled by a hornet

Illustrated notes

Levels and vault maps discovered:
D:1:      giann_horns, layout_basic, chequers_ecumenical_altar_island
D:2:      layout_basic, serial_shops, nicolae_shop_behind_doors,
          nicolae_lakefront_shop, shop, shop, nrook_campfire,
          chequers_serial_rivers_room_b
D:3:      layout_loops_cross, minmay_misc_feat_four_crosses,
          nicolae_shop_vocational, uniq_sigmund
D:4:      layout_gridville
D:5:      layout_loops_ring, gup_sewer_entry_pipe, grunt_decor_fettered,
          chequers_serial_rivers_marsh
D:6:      layout_basic, grunt_ministairs_14, uniq_edmund
D:8:      layout_loops_ring, serial_bayou_ford_a
D:9:      layout_loops_ring, kennysheep_mini, trog_three_pillars_becter,
          serial_aquarium, aquarium_bridge_island_small
          [aquarium_subvault_small_water, aquarium_subvault_balcony,
          aquarium_subvault_bridge, aquarium_subvault_wall,
          aquarium_subvault_bridge], aquarium_bridge_square
          [aquarium_subvault_wall, aquarium_subvault_bridge,
          aquarium_subvault_bridge, aquarium_subvault_window],
          aquarium_window_2, aquarium_window_fake, aquarium_window_corridor_1,
          aquarium_view_2d, minmay_ruined_shrine, uniq_maggie,
          uniq_prince_ribbit1

Skill      XL: |  1  2  3  4  5  6  7  8  9 |
---------------+----------------------------+-----
Fighting       | 1 2 3 4 5 |  5.2
Dodging        | 2 3 4 5 |  5.7
Unarmed Combat | 3 4 5 6 7 |  7.6
Transmutations | 2 3 4 6 |  6.8
Spellcasting   | 2 3 4 |  4.6
Armour         | 1 2 |  2.0

Action                   |  1- 3 |  4- 6 |  7- 9 || total
-------------------------+-------+-------+-------++-------
Melee: Unarmed           |   141 |   121 |   371 ||   633
       Kick              |    29 |    32 |   101 ||   162
       Headbutt          |    16 |    16 |    63 ||    95
       Punch             |     1 |     2 |    17 ||    20
 Cast: Beastly Appendage |    34 |    16 |    35 ||    85
       Wereblood         |     1 |     3 |    19 ||    23
  Use: Scroll            |     1 |       |    11 ||    12
       Potion            |       |     1 |    15 ||    16
 Stab: Invisible         |       |       |     1 ||     1
Armor: Robe              |    33 |       |       ||    33
       Ring mail         |     9 |    44 |   121 ||   174
       Skin              |       |     4 |    11 ||    15
Dodge: Dodged            |    95 |    61 |   233 ||   389
